 Dungeon Crawl Stone Soup version 0.32-a0-42-ga30500b4d3 (webtiles) character file.

Game seed: 12038950374600595692

25 lunkers the Gusty (level 3, -8/31 HPs)
             Began as an Oni Air Elementalist on Feb 1, 2024.
             Killed by divine providence
             ... invoked by an orc priest
              (13 damage)
             ... on level 2 of the Dungeon.
             The game lasted 00:03:25 (1089 turns).

lunkers the Gusty (Oni Air Elementalist)            Turns: 1089, Time: 00:03:25

Health: -8/31      AC:  3    Str: 14    XL:     3   Next: 6%
Magic:  0/7        EV:  9    Int: 16    God:
Gold:   36         SH:  0    Dex:  9    Spells: 7/8 levels left

rFire   . . .        (no weapon)
rCold   . . .        (no shield)
rNeg    . . .        a - +0 robe
rPois   .            (helmet restricted)
rElec   .            (no cloak)
rCorr   .            (gloves unavailable)
SInv    .            (boots unavailable)
Will    .....        (no amulet)
Stlth   +            (no ring)
HPRegen 0.25/turn    (no ring)
MPRegen 0.10/turn

%: no passive effects
@: very slightly contaminated
A: large, unfitting armour, horns 1, tough skin 1, double potion healing,
drunken brawling
a: no special abilities


You were on level 2 of the Dungeon.
You visited 1 branch of the dungeon, and saw 2 of its levels.

You collected 36 gold pieces.

Inventory:

Armour
 a - a +0 robe (worn)
Scrolls
 c - a scroll of amnesia {unknown}
 d - a scroll of vulnerability {unknown}
Potions
 b - a potion of magic
 e - a potion of ambrosia {unknown}
 f - 2 potions of curing {unknown}
 g - a potion of mutation {unknown}
 h - 2 potions of attraction {unknown}


   Skills:
 - Level 1.7 Dodging
 - Level 1.4 Stealth
 + Level 3.0 Spellcasting
 - Level 0.8 Conjurations
 * Level 3.4 Air Magic


You had 7 spell levels left.
You knew the following spells:

 Your Spells              Type           Power      Damage    Failure   Level
a - Shock                 Conj/Air       36%        1d5       8%          1

Your spell library contained the following spells:

 Spells                   Type           Power      Damage    Failure   Level
 Static Discharge         Conj/Air       18%        3-4/arc   12%         2
 Swiftness                Air            13%        N/A       14%         3
 Airstrike                Air            6%         2d(1-17)  41%         4


Dungeon Overview and Level Annotations

Branches:
Dungeon (2/15)

Altars:


Innate Abilities, Weirdness & Mutations

You are too large for most types of armour.
You have a pair of small horns on your head.
You have tough skin. (AC +1)
You gain doubled healing and magic from potions.
Whenever you drink a healing potion, you attack all around you.


Message History

You miscast Shock.
Nothing appears to happen.
* * * LOW MAGIC WARNING * * *
Unknown command.
You see here 2 brown potions.
h - 2 brown potions The orc hits you with a +2 hand axe of electrocution.
* * * LOW HITPOINT WARNING * * *
Unknown command.
You don't have enough magic to cast this spell.
Unknown command.
Unknown command.
Unknown command.
Unknown command.
Unknown command.
The orc attacks as it pursues you!
The orc hits you with a +2 hand axe of electrocution.
* * * LOW HITPOINT WARNING * * *
Unknown command.
The orc attacks as it pursues you! The orc barely misses you.
Unknown command.
Aiming: Shock (safe; 9% risk of failure)
Press: ? - help, Q - select action Shift-Dir - straight line, f/p - orc
Aim: an orc, wielding a +0 whip (severely wounded, 68% to hit)
The zap hits the orc.
You kill the orc!
The zap hits the orc.
You kill the orc!
The zap hits the orc priest.
The orc priest is heavily wounded.
The zap hits the orc.
You kill the orc!
* * * LOW MAGIC WARNING * * *
Your Spellcasting skill increases to level 3!
You have reached level 3!
Your experience leads to an increase in your attributes!
Increase (S)trength, (I)ntelligence, or (D)exterity?
You feel stronger. x3
The orc priest invokes the aid of Beogh against you.
Beogh smites you!
You die...

##################
#..).o.)....<....b
#@#########?....##
#.# #.###.# #.#
#.# .. #.# #.# #
#.# #.. #.# ##.
#.# # #.#


You could see an orc priest.

Vanquished Creatures
  3 orcs (D:2)
  4 ball pythons (D:1)
  2 giant cockroaches (D:1)
  2 goblins (D:1)
  A hobgoblin (D:1)
  4 jackals (D:1)
  2 quokkas (D:1)
  A frilled lizard (D:1)
19 creatures vanquished.

Notes
Turn   | Place    | Note
-------+----------+-------------------------------------------
     0 | D:1      | lunkers the Oni Air Elementalist began the quest for the
                  | Orb.
     0 | D:1      | Reached XP level 1. HP: 16/16 MP: 3/3
   185 | D:1      | Reached XP level 2. HP: 10/24 MP: 0/5
  1089 | D:2      | Reached XP level 3. HP: 5/31 MP: 0/7
  1089 | D:2      | Killed from afar by an orc priest

Illustrated notes

Levels and vault maps discovered:
D:1:      wheals_arrival_shading, layout_basic, corexii_corridor_pit,
          minivault_19
D:2:      layout_loops_ring, shapermc_ecumenical_altar_mp_urbaneastern,
          uniq_terence, uniq_sigmund

Skill      XL: |  1  2 |
---------------+-------+-----
Air Magic      | 3 |  3.4
Spellcasting   | 3 |  3.0
Dodging        | |  1.7
Stealth        | |  1.4
Conjurations   | |  0.8

Action                     || total
---------------------------++-------
  Melee: Unarmed           ||    19
         Headbutt          ||     2
   Cast: Shock             ||    36
 Armour: Robe              ||    42
  Dodge: Dodged            ||    24

Table legend: (Time is in decaauts)
 A = Elapsed time spent in this place.
 B = Non-inter-level travel time spent in this place.
 C = Inter-level travel time spent in this place.
 D = Time resting spent in this place.
 E = Time spent auto-exploring this place.
 F = Levels seen in this place.
 G = Mean time per level.
                   A        B        C        D        E       F      G
               +--------+--------+--------+--------+--------+-----+--------+
         Total |   1088 |   1043 |     45 |      0 |    893 |   2 |  544.0 |
       Dungeon |   1088 |   1043 |     45 |      0 |    893 |   2 |  544.0 |
               +--------+--------+--------+--------+--------+-----+--------+

Top non-repeatable levels by time:
     D:1: 1071 daAuts
     D:2: 17 daAuts
